 Dungeon Crawl Stone Soup version 0.23.2-33-g5129a83184 (webtiles) character file.

Game seed: 17380353571517660803

1122 Atelerd the Stinger (level 8, 0/75 HPs)
             Began as an Octopode Wizard on July 16, 2019.
             Slain by an orc wizard
             ... wielding a +0 dagger
              (3 damage)
             ... on level 6 of the Dungeon.
             The game lasted 00:17:58 (7922 turns).

Atelerd the Stinger (Octopode Wizard)               Turns: 7922, Time: 00:18:00

Health: 0/75       AC: 24    Str: 12    XL:     8   Next: 35%
Magic:  2/15       EV:  2    Int: 22    God:
Gold:   242        SH:  5    Dex: 15    Spells: 8/17 levels left

rFire    . . .     SeeInvis .   g - +0 short sword (flame)
rCold    . . .     Gourm    .   o - +0 buckler
rNeg     + + +     Faith    .   (helmet currently unavailable)
rPois    +         Spirit   .   (no amulet)
rElec    .         Reflect  .   m - +4 ring of evasion
rCorr    .         Harm     .   b - ring of positive energy
MR       .....     NoTele   +   (no ring)
Stlth    +++.......             (no ring)
HPRegen  0.22/turn              (no ring)
MPRegen  0.14/turn              (no ring)
                                (no ring)
                                (no ring)

@: mighty, agile, tree-form
A: almost no armour, stealthy swim, (amphibious), 8 rings, (constrict 8)
a: no special abilities


You were on level 6 of the Dungeon.
You were hungry.
You were a tree.
You visited 2 branches of the dungeon, and saw 7 of its levels.

You collected 242 gold pieces.

Inventory:

Hand Weapons
 d - a +0 spear
 g - a +0 short sword of flaming (weapon)
Armour
 a - a +0 hat (melded)
 o - a +0 buckler (worn)
Jewellery
 b - a ring of positive energy (right branch)
 m - a +4 ring of evasion (left branch)
Wands
 q - a wand of polymorph (8)
Scrolls
 h - a scroll of noise
 j - 5 scrolls of enchant weapon
 k - a scroll of remove curse
Potions
 e - a potion of lignification
 f - a potion of resistance {unknown}
 i - a potion of might
 n - a potion of agility
Comestibles
 c - 6 rations


   Skills:
 - Level 2.0 Fighting
 - Level 2.0 Dodging
 - Level 2.6 Stealth
 + Level 3.4 Shields
 + Level 5.0 Spellcasting
 + Level 4.9 Conjurations
   Level 1.0 Summonings
 - Level 1.0 Translocations
 * Level 6.2 Poison Magic


You had 8 spell levels left.
You knew the following spells:

 Your Spells              Type           Power        Failure   Level  Hunger
a - Magic Dart            Conj           ####         1%          1    None
b - Mephitic Cloud        Conj/Pois/Air  ###.....     7%          3    ##.....
c - Blink                 Tloc           N/A          11%         2    None
d - Conjure Flame         Conj/Fire      ###.....     12%         3    ##.....

Your spell library contained the following spells:

 Spells                   Type           Power        Failure   Level  Hunger
 Call Imp                 Summ           #.......     11%         2    None
 Slow                     Hex            #.......     16%         2    None


Dungeon Overview and Level Annotations

Branches:
Dungeon (6/15)             Temple (1/1) D:5

Altars:
Ashenzari
Cheibriados
Dithmenos
Elyvilon
Fedhas
Gozag
Hepliaklqana
Kikubaaqudgha
Makhleb
Okawaru
Qazlal
Ru
Trog
Uskayaw
Vehumet
Xom
Yredelemnul
Zin
The Shining One

Annotations:
D:2 1 exclusion
D:3 2 runed translucent doors, exclusion: 3 downstairs, Descartes's ghost, amateur SpWr
D:5 exclusion: downstairs


Innate Abilities, Weirdness & Mutations

You cannot wear most types of armour.
You are very stealthy in the water. (Stealth+)
((You are amphibious.))
You can wear up to eight rings at the same time.
((You can use your tentacles to constrict eight enemies at once.))
((Your skin changes colour to match your surroundings (Stealth+).))
((Your rubbery body absorbs attacks. (AC +1, EV +1)))


Message History

Casting: Mephitic Cloud (safe; 7% risk of failure)
Confirm with . or Enter, or press ? or * to list all spells.
Aiming: Magic Dart (safe; 1% risk of failure)
Press: ? - help, Shift-Dir - straight line, f - orc, p - bullfrog
Aim: an orc, wielding a +0 club and wearing a +0 leather armour (inner flame)
The magic dart hits the orc.
The orc is heavily wounded.
The orc throws a tomahawk.
You block the tomahawk.
The orc wizard hits you but does no damage.
The bullfrog is engulfed in noxious fumes.
The bullfrog appears confused.
Sorry, you're not good enough to have a special ability.
As you read the scroll labeled NITEJO EWOGH, it crumbles to dust.
You feel aware of your surroundings.
It was a scroll of magic mapping.
The orc throws a tomahawk.
The tomahawk hits you but does no damage.
The bullfrog is engulfed in noxious fumes.
The bullfrog appears confused.
The orc wizard hits you with a +0 dagger.
You die...

****#.............# *,,,..,,,,,,
,** **##....###...###*,,...,,,,**
,,*####.(...##o.....###....,,,,**
.###..#).........#.........,,,,*,
..oo...o.....).###...##...*,,,***
....#†...).....# ##..#*,,**,****,
..**###..#.##..###...##*,**,,***,
..## #.>#####..o.o°.○.#*,,,,*,,,,
...####c.# #...♣.°..##**,,,*,,,*
.........## ##...F°°o#,*,,,,,,***
...#..##..# *#.##.#..o..,,,,,** *
...##..#..# #..######....,,,,,* *
.........## ##.#,*,,,....,,,,,***
.....##...# #..,,,,,###.,,,*,,**
.<...###..#**##.,*,,,* *,,,**,,**
.......#..##.##.##*,** *,,**,,,,,
.......#.........##..#*##...,*,,*


You could see an orc warrior (inner flame), a bullfrog (inner flame), an orc
priest (inner flame), an orc wizard (inner flame) and an orc (inner flame).

Vanquished Creatures
  Sigmund (D:5)
  A phantom (D:3)
  An ogre (D:4)
  A centaur (D:6)
  A bullfrog (D:5)
  2 scorpions
  3 howler monkeys (D:5)
  2 hounds (D:5)
  3 orc priests
  5 orc wizards
  3 gnolls (D:6)
  5 adders
  An ooze (D:5)
  2 dart slugs
  6 leopard geckos
  16 orcs
  2 ball pythons
  9 bats
  5 giant cockroaches
  8 goblins
  5 hobgoblins
  7 jackals
  2 quokkas
  3 frilled lizards
  10 kobolds
  6 rats
110 creatures vanquished.

Vanquished Creatures (others)
  An adder (D:6)
1 creature vanquished.

Grand Total: 111 creatures vanquished

Notes
Turn   | Place    | Note
-------+----------+-------------------------------------------
     0 | D:1      | Atelerd the Octopode Wizard began the quest for the Orb.
     0 | D:1      | Reached XP level 1. HP: 11/11 MP: 4/4
   365 | D:1      | Reached XP level 2. HP: 16/17 MP: 0/6
  1215 | D:1      | Reached XP level 3. HP: 12/21 MP: 7/7
  1258 | D:1      | Learned a level 3 spell: Mephitic Cloud
  1261 | D:1      | Learned a level 2 spell: Blink
  1996 | D:2      | Found a shattered altar of Ashenzari.
  2005 | D:2      | Found an iron altar of Okawaru.
  2010 | D:2      | Found an ancient bone altar of Kikubaaqudgha.
  2010 | D:2      | Found a radiant altar of Vehumet.
  2019 | D:2      | Found a glowing golden altar of the Shining One.
  2020 | D:2      | Found a hide-covered altar of Uskayaw.
  2186 | D:2      | Reached XP level 4. HP: 26/27 MP: 9/9
  2492 | D:3      | Found a runed translucent door.
  2496 | D:3      | Noticed Descartes's ghost (amateur SpWr)
  2527 | D:3      | Found a runed translucent door.
  3283 | D:3      | Found a sacrificial altar of Ru.
  3787 | D:4      | Noticed an ogre
  3901 | D:4      | Noticed a phantom
  4361 | D:3      | Learned a level 3 spell: Conjure Flame
  4779 | D:3      | Reached skill level 1 in Poison Magic
  5148 | D:3      | Reached skill level 1 in Fighting
  5148 | D:3      | Reached XP level 5. HP: 20/33 MP: 1/10
  5424 | D:3      | Killed a phantom
  5424 | D:3      | Reached skill level 1 in Shields
  5424 | D:3      | Reached skill level 2 in Poison Magic
  5424 | D:3      | Reached XP level 6. HP: 33/38 MP: 0/11
  5783 | D:4      | Reached skill level 3 in Poison Magic
  6197 | D:4      | Reached XP level 7. HP: 45/45 MP: 9/13
  6296 | D:5      | Entered Level 5 of the Dungeon
  6455 | D:5      | Reached skill level 4 in Poison Magic
  6507 | D:5      | Noticed Sigmund
  6524 | D:5      | Killed Sigmund
  6524 | D:5      | Reached skill level 5 in Poison Magic
  6554 | D:5      | Reached XP level 8. HP: 36/50 MP: 3/15
  6892 | D:5      | Found a staircase to the Ecumenical Temple.
  6901 | Temple   | Entered the Ecumenical Temple
  7887 | D:6      | Reached skill level 6 in Poison Magic
  7899 | D:6      | HP: 2/50 [bullfrog (4)]
  7912 | D:6      | Reached skill level 5 in Spellcasting
  7915 | D:6      | HP: 1/50 [orc warrior (6)]
  7922 | D:6      | Slain by an orc wizard

Skill      XL: |  1  2  3  4  5  6  7  8 |
---------------+-------------------------+-----
Conjurations   | 2 3 4 |  4.9
Poison Magic   | 1 2 3 5 6 |  6.2
Fighting       | 1 2 |  2.0
Shields        | 1 2 3 |  3.4
Spellcasting   | 4 5 |  5.0
Dodging        | |  2.0
Stealth        | |  2.6
Summonings     | |  1.0
Translocations | |  1.0

Action                   |  1- 3 |  4- 6 |  7- 9 || total
-------------------------+-------+-------+-------++-------
Melee: Unarmed           |    28 |       |       ||    28
       Constrict         |    25 |    16 |    23 ||    64
       Spear             |    42 |    13 |       ||    55
       Tentacles         |     6 |    13 |    15 ||    34
       Short sword       |    32 |    88 |    88 ||   208
 Cast: Magic Dart        |    36 |    47 |    22 ||   105
       Mephitic Cloud    |     2 |    13 |    16 ||    31
       Blink             |       |     3 |     1 ||     4
       Conjure Flame     |       |     4 |     2 ||     6
  Use: Scroll            |       |     4 |     7 ||    11
       Potion            |       |       |     4 ||     4
 Stab: Sleeping          |     7 |     3 |     4 ||    14
       Confused          |       |     2 |     8 ||    10
  Eat: Chunk             |     3 |     4 |     7 ||    14
       Ration            |       |     3 |       ||     3
Armor: Skin              |    10 |     8 |    15 ||    33
Dodge: Dodged            |    86 |    75 |    84 ||   245
Block: Buckler           |       |    11 |    21 ||    32
